 Dungeon Crawl Stone Soup version 0.31-a0-559-g03b8d61ab2 (webtiles) character file.

Game seed: 11264687233419292749

305 Ethylacetat the Insei (level 6, -2/43 HPs)
             Began as an Octopode Gladiator on Aug 17, 2023.
             Slain by a gnoll
             ... wielding a +0 flail
              (10 damage)
             ... on level 3 of the Dungeon.
             The game lasted 00:01:39 (1741 turns).

Ethylacetat the Insei (Octopode Gladiator)          Turns: 1741, Time: 00:01:40

Health: -2/43      AC:  1    Str: 14    XL:     6   Next: 39%
Magic:  6/6        EV: 15    Int: 10    God:
Gold:   121        SH:  0    Dex: 15    Spells: 5/5 levels left

rFire   . .          .
                       - Unarmed
rCold   . . .        (no shield)
rNeg    . . .        a - +0 hat
rPois   .            (no amulet)
rElec   .            (no ring)
rCorr   .            (no ring)
SInv    .            (no ring)
Will    .....        (no ring)
Stlth   ++           (no ring)
HPRegen 0.27/turn    (no ring)
MPRegen 0.10/turn    (no ring)
                     (no ring)

%: no passive effects
@: no status effects
A: almost no armour, amphibious, 8 rings, camouflage 1, gelatinous body 1,
(nimble swimmer 1), tentacles
a: no special abilities


You were on level 3 of the Dungeon.
You visited 1 branch of the dungeon, and saw 3 of its levels.

You collected 121 gold pieces.

Inventory:

Missiles
 b - 5 throwing nets (quivered)
 c - a javelin
Armour
 a - a +0 hat (worn)
Jewellery
 n - the amulet of Ashenzari, Slashing {Acrobat rN+}
   (You found it on level 3 of the Dungeon)

   [amulet of the acrobat]

   Acrobat:   It increases your evasion while moving and waiting.
   rN+:       It protects you from negative energy.
Scrolls
 d - 2 scrolls of identify {unknown}
 e - a scroll of teleportation {unknown}
 f - a scroll of enchant weapon {unknown}
 g - a scroll of brand weapon {unknown}
 h - a scroll of vulnerability {unknown}
 k - a scroll of poison {unknown}
 m - 2 scrolls of blinking {unknown}
Potions
 i - a potion of berserk rage {unknown}
 j - a potion of cancellation {unknown}
 l - a potion of lignification {unknown}
 o - a potion of enlightenment {unknown}


   Skills:
 + Level 4.1 Fighting
 - Level 2.0 Throwing
 + Level 4.6 Dodging
 + Level 4.6 Unarmed Combat


You had 5 spell levels left.
You didn't know any spells.
Your spell library contained the following spells:

 Spells                   Type           Power      Damage    Failure   Level
 Sandblast                Erth           0%         2d4       36%         1
 Cigotuvi's Dreadful Rot  Necr/Pois/Air  0%         N/A       50%         2
 Passwall                 Tmut/Erth      0%         N/A       50%         2
 Ignite Poison            Fire/Tmut/Pois 0%         N/A       75%         3
 Stone Arrow              Conj/Erth      0%         3d7       75%         3
 Freezing Cloud           Conj/Ice/Air   0%         6-21      100%        5


Dungeon Overview and Level Annotations

Branches:
Dungeon (3/15)

Altars:

Shops:
D:2 [


Innate Abilities, Weirdness & Mutations

You cannot wear most types of armour.
You are amphibious.
You can wear up to eight rings at the same time.
Your skin changes colour to match your surroundings (Stealth+).
Your rubbery body absorbs attacks. (AC +1, EV +1)
((You are camouflaged when in or above water. (Stealth+)))
You have tentacles for arms and can constrict up to eight enemies at once.


Message History

A gnoll comes into view. It is wielding a +0 halberd.
Found a metallic golden potion.
There are monsters nearby!
A gnoll comes into view. It is wielding a +0 club.
The gnoll shouts! x2
There are monsters nearby!
The gnoll shouts! x2
You tentacle-slap the gnoll. You grab the gnoll. You squeeze the gnoll!
You kill the gnoll!
There are monsters nearby!
The gnoll hits you with a +0 flail!
You see here a +0 whip.
You barely miss the gnoll. You grab the gnoll.
You squeeze the gnoll, but do no damage.
You constrict the gnoll. The gnoll barely misses you.
The gnoll hits you with a +0 halberd!
You barely miss the gnoll. Your squeeze misses the gnoll.
The gnoll is lightly wounded.
You constrict the gnoll. The gnoll misses you.
The gnoll hits you with a +0 club. The gnoll misses you.
You are too injured to fight recklessly!
You tentacle-slap the gnoll.
The gnoll is severely wounded.
You constrict the gnoll. You tentacle-slap the gnoll. You squeeze the gnoll.
You kill the gnoll!
The gnoll closely misses you. x2
You completely miss the gnoll. Your grab misses the gnoll.
The gnoll closely misses you. The gnoll barely misses you.
You tentacle-slap the gnoll but do no damage.
Your grab misses the gnoll. You tentacle-slap the gnoll.
Your squeeze misses the gnoll.
The gnoll is moderately wounded.
The gnoll barely misses you. The gnoll hits you with a +0 flail.
You closely miss the gnoll. You grab the gnoll.
The gnoll is moderately wounded.
You constrict the gnoll. The gnoll hits you with a +0 club.
* * * LOW HITPOINT WARNING * * *
The gnoll hits you with a +0 flail!
You die...

##.......##..# #.#####
###########.......###.#####.[.###
.#....#.. +)......# #............
.#.##.#.# #.......#####..........
.#....#.###.........# ##.........
...#.......#####....# #......###
...##.#.##.# #.....# #......# #
........<#.# #.....# #####..###
#####.##.#.# #)@.### ##...#
...##....#.# #gg.# #...#
##.#######.# #...# ##...
#.........# #...# #....
########### #..!# #..## #...#
#.... ##### #.### #.... #####


You could see 2 gnolls.

Vanquished Creatures
  Sigmund (D:3)
  A scorpion (D:3)
  2 gnolls (D:3)
  An adder (D:2)
  2 worms (D:3)
  3 dart slugs (D:1)
  An orc (D:3)
  9 ball pythons
  4 bats
  7 endoplasms
  A giant cockroach (D:1)
  4 goblins
  2 hobgoblins (D:2)
  9 kobolds
  5 frilled lizards
  5 rats
57 creatures vanquished.

Notes
Turn   | Place    | Note
-------+----------+-------------------------------------------
     0 | D:1      | Ethylacetat the Octopode Gladiator began the quest for the
                  | Orb.
     0 | D:1      | Reached XP level 1. HP: 14/14 MP: 1/1
    33 | D:1      | Reached XP level 2. HP: 16/19 MP: 2/2
   426 | D:1      | Reached XP level 3. HP: 25/25 MP: 3/3
   628 | D:2      | Found Onesib's Armour Boutique.
   946 | D:2      | Identified the +0 pair of gloves of the Evening Star
                  | {Int+3}
  1145 | D:3      | Reached XP level 4. HP: 30/30 MP: 4/4
  1226 | D:3      | Noticed Sigmund
  1234 | D:3      | Killed Sigmund
  1235 | D:3      | Reached XP level 5. HP: 29/37 MP: 5/5
  1358 | D:3      | Identified the amulet of Ashenzari, Slashing {Acrobat rN+}
  1395 | D:3      | Reached XP level 6. HP: 26/43 MP: 6/6
  1741 | D:3      | Slain by a gnoll

Illustrated notes

Levels and vault maps discovered:
D:1:      lightli_arrival_lavapool, layout_basic
D:2:      layout_loops_ring, serial_shops, nicolae_shop_peninsula
D:3:      layout_basic, uniq_sigmund

Skill      XL: |  1  2  3  4  5 |
---------------+----------------+-----
Fighting       | 3 4 |  4.1
Dodging        | 4 |  4.6
Unarmed Combat | 4 |  4.6
Throwing       | |  2.0

Action                     |  1- 3 |  4- 6 || total
---------------------------+-------+-------++-------
  Melee: Unarmed           |    74 |    40 ||   114
         Tentacles         |    11 |    11 ||    22
         Constrict         |    17 |    11 ||    28
         Punch             |     1 |     3 ||     4
   Stab: Sleeping          |    13 |     5 ||    18
 Armour: Skin              |     5 |     1 ||     6
  Dodge: Dodged            |    39 |    20 ||    59

Table legend: (Time is in decaauts)
 A = Elapsed time spent in this place.
 B = Non-inter-level travel time spent in this place.
 C = Inter-level travel time spent in this place.
 D = Time resting spent in this place.
 E = Time spent auto-exploring this place.
 F = Levels seen in this place.
 G = Mean time per level.
                   A        B        C        D        E       F      G
               +--------+--------+--------+--------+--------+-----+--------+
         Total |   1732 |   1719 |     13 |      0 |   1389 |   3 |  577.3 |
       Dungeon |   1732 |   1719 |     13 |      0 |   1389 |   3 |  577.3 |
               +--------+--------+--------+--------+--------+-----+--------+

Top non-repeatable levels by time:
     D:3: 610 daAuts
     D:2: 592 daAuts
     D:1: 529 daAuts
